 Dungeon Crawl Stone Soup version 0.30-a0-424-g7412bad402 (webtiles) character file.

Game seed: 10893361025101044013

150 PyroL the Grave Robber (level 5, -2/28 HPs)
             Began as a Deep Elf Necromancer on Dec 10, 2022.
             Slain by an ufetubus (3 damage)
             ... on level 4 of the Dungeon.
             The game lasted 00:06:52 (3127 turns).

PyroL the Grave Robber (Deep Elf Necromancer)       Turns: 3127, Time: 00:06:52

Health: -2/28      AC:  3    Str:  5    XL:     5   Next: 10%
Magic:  15/15      EV: 12    Int: 22    God:
Gold:   107        SH:  0    Dex: 15    Spells: 7/15 levels left

rFire   . . .      SeeInvis +    c - +0 spear
rCold   . . .      Faith    .    (no shield)
rNeg    . . .      Spirit   .    a - +0 robe
rPois   .          Reflect  .    m - +0 helmet
rElec   .          Harm     .    (no cloak)
rCorr   .          Rampage  .    (no gloves)
Will    .....                    (no boots)
Stlth   ++........               n - amulet of the acrobat
HPRegen 0.24/turn                p - ring of see invisible
MPRegen 0.14/turn                (no ring)

@: no status effects
A: no striking features
a: no special abilities


You were on level 4 of the Dungeon.
You visited 1 branch of the dungeon, and saw 4 of its levels.

You collected 107 gold pieces.

Inventory:

Hand Weapons
 c - a +0 spear (weapon)
Armour
 a - a +0 robe (worn)
 m - a +0 helmet (worn)
Jewellery
 d - a ring of fire
 n - an amulet of the acrobat (around neck)
 p - a ring of see invisible (left hand)
Scrolls
 f - a scroll of vulnerability {unknown}
 g - a scroll of enchant armour {unknown}
 h - a scroll of silence {unknown}
 j - 2 scrolls of identify {unknown}
 k - a scroll of noise {unknown}
 l - 2 scrolls of teleportation {unknown}
 o - a scroll of butterflies {unknown}
Potions
 b - a potion of magic
 e - 2 potions of heal wounds {unknown}
 i - 2 potions of curing {unknown}


   Skills:
 - Level 2.4 Dodging
 - Level 2.4 Stealth
 + Level 5.5 Spellcasting
 + Level 6.4 Necromancy


You had 7 spell levels left.
You knew the following spells:

 Your Spells              Type           Power      Damage    Failure   Level
a - Necrotise             Necr           100%       1d9       1%          1
b - Vampiric Draining     Necr           34%        2d8       1%          3
c - Animate Dead          Necr           34%        N/A       7%          4

Your spell library contained the following spells:

 Spells                   Type           Power      Damage    Failure   Level
 Agony                    Necr           34%        N/A       19%         5


Dungeon Overview and Level Annotations

Branches:
Dungeon (4/15)
 Temple: D:4-7

Altars:

Shops:
D:2 [

Annotations:
D:3 exclusion: black bear
D:4 exclusion: ogre


Message History

Confirm with . or Enter, or press ? or * to list all spells.
Aiming: Vampiric Draining (safe; 1% risk of failure)
Press: ? - help, Shift-Dir - straight line, f - ogre
Aim: an ogre, wielding a +0 giant spiked club
Okay, then.
Casting: Vampiric Draining (safe; 1% risk of failure)
Confirm with . or Enter, or press ? or * to list all spells.
Aiming: Vampiric Draining (safe; 1% risk of failure)
Press: ? - help, Shift-Dir - straight line, f - ogre
Aim: an ogre, wielding a +0 giant spiked club You miscast Vampiric Draining.
You are very lightly contaminated with residual magic.
Nothing appears to happen.
The ogre hits you with a +0 giant spiked club!!
Ouch! That really hurt!
* * * LOW HITPOINT WARNING * * *
The ogre attacks as you move away! The ogre completely misses you.
Your magical contamination has completely faded away.
You see here a +0 robe.
There is an open door here.
The ufetubus attacks as you move away! The ufetubus completely misses you. x4
The ufetubus attacks as you move away! The ufetubus misses you.
The ufetubus completely misses you. The ufetubus barely misses you.
The ufetubus hits you but does no damage.
The ufetubus completely misses you. x2
The ufetubus closely misses you. The ufetubus misses you.
The ufetubus attacks as you move away! The ufetubus hits you.
* * * LOW HITPOINT WARNING * * *
The ufetubus completely misses you.
You open the door. The ufetubus hits you.
* * * LOW HITPOINT WARNING * * *
The ufetubus hits you.
* * * LOW HITPOINT WARNING * * *
The ufetubus hits you.
* * * LOW HITPOINT WARNING * * *
The ufetubus hits you.
* * * LOW HITPOINT WARNING * * *
The ufetubus attacks as you move away! The ufetubus completely misses you.
The ufetubus hits you.
You die...

##.###.#............ O.
#...##...###..####.# #.
##.####### #..# # #.## #.#
#..####.# #... ##.#####
##.......# #### ####..<...#
##.....#### ####
#.........###.......## ##.##
#.##......##.........####^..#
............'@5O......'.......
###.##......##.........####.[.#
# #.#.#..###.......## ##.##
#.#.#..# ##.....## ###.
#.#.#..# ##...## #5 .......#
####+## #. #. ....# #. #5 #..#
#. #. #..#### #.


You could see an ogre and an ufetubus.

Vanquished Creatures
  A kobold brigand (D:3)
  Jessica (D:2)
  An adder (D:2)
  A dart slug (D:3)
  3 ball pythons
  2 bats
  An endoplasm (D:1)
  A giant cockroach (D:1)
  3 goblins
  4 hobgoblins
  A jackal (D:1)
  3 quokkas
  6 frilled lizards
  8 kobolds
  4 rats
40 creatures vanquished.

Vanquished Creatures (collateral kills)
  A hobgoblin (D:2)
  A jackal (D:1)
2 creatures vanquished.

Vanquished Creatures (others)
  10 plants (D:1)
10 creatures vanquished.

Grand Total: 52 creatures vanquished

Notes
Turn   | Place    | Note
-------+----------+-------------------------------------------
     0 | D:1      | PyroL the Deep Elf Necromancer began the quest for the Orb.
     0 | D:1      | Reached XP level 1. HP: 10/10 MP: 6/6
   141 | D:1      | Reached skill level 5 in Necromancy
   271 | D:1      | Reached XP level 2. HP: 15/15 MP: 3/8
   357 | D:1      | Found a faded altar of an unknown god.
  1046 | D:2      | Found Cuhemaw's Antique Armour Shop.
  1059 | D:2      | Reached XP level 3. HP: 19/19 MP: 7/10
  1178 | D:2      | Noticed Jessica
  1187 | D:2      | Killed Jessica
  1423 | D:2      | Reached XP level 4. HP: 24/24 MP: 9/12
  1427 | D:2      | Learned a level 3 spell: Vampiric Draining
  1432 | D:2      | Learned a level 4 spell: Animate Dead
  1969 | D:3      | Noticed a kobold brigand
  2021 | D:3      | Killed a kobold brigand
  2022 | D:3      | Reached skill level 5 in Spellcasting
  2022 | D:3      | Reached skill level 6 in Necromancy
  2022 | D:3      | Reached XP level 5. HP: 28/28 MP: 3/14
  2363 | D:3      | Noticed a black bear
  3038 | D:4      | Noticed an ogre
  3081 | D:4      | Noticed an ogre
  3083 | D:4      | HP: 1/28 [ogre/+0 giant spiked club (27)]
  3126 | D:4      | HP: 1/28 [ufetubus (2)]
  3127 | D:4      | Slain by an ufetubus

Illustrated notes

Levels and vault maps discovered:
D:1:      spicycebolla_green_bress_n_ham_2, layout_basic,
          dilly_ecumenical_altar_fadedgnrine, lexackson_kobold_supper
D:2:      layout_loops_corners, serial_shops, nicolae_shop_statue_plus,
          uniq_jessica
D:3:      layout_basic
D:4:      layout_loops_corners, tgw_kikubaaqudgha, grunt_ministairs_14

Skill      XL: |  1  2  3  4 |
---------------+-------------+-----
Necromancy     | 5 6 |  6.4
Spellcasting   | 4 5 |  5.5
Dodging        | |  2.4
Stealth        | |  2.4

Action                   |  1- 3 |  4- 6 || total
-------------------------+-------+-------++-------
Melee: Spear             |    30 |    13 ||    43
 Cast: Necrotise         |    41 |    11 ||    52
       Vampiric Draining |       |     3 ||     3
 Stab: Sleeping          |     1 |       ||     1
Armor: Robe              |     2 |     3 ||     5
Dodge: Dodged            |     7 |    24 ||    31

Table legend: (Time is in decaauts)
 A = Elapsed time spent in this place.
 B = Non-inter-level travel time spent in this place.
 C = Inter-level travel time spent in this place.
 D = Time resting spent in this place.
 E = Time spent auto-exploring this place.
 F = Levels seen in this place.
 G = Mean time per level.
                   A        B        C        D        E       F      G
               +--------+--------+--------+--------+--------+-----+--------+
         Total |   3130 |   3017 |    113 |      0 |   2563 |   4 |  782.5 |
       Dungeon |   3130 |   3017 |    113 |      0 |   2563 |   4 |  782.5 |
               +--------+--------+--------+--------+--------+-----+--------+

Top non-repeatable levels by time:
     D:3: 1067 daAuts
     D:1: 970 daAuts
     D:2: 951 daAuts
     D:4: 140 daAuts
